 Dungeon Crawl Stone Soup version 0.28-a0-233-gb8ca4b6547 (webtiles) character file.

Game seed: 11515676864291456953

100 dolemite99 the Poker (level 4, -2/33 HPs)
             Began as a Merfolk Gladiator on Aug 22, 2021.
             Slain by an orc (4 damage)
             ... on level 3 of the Dungeon.
             The game lasted 00:02:47 (2325 turns).

dolemite99 the Poker (Merfolk Gladiator)            Turns: 2325, Time: 00:02:47

Health: -2/33      AC:  5    Str: 15    XL:     4   Next: 73%
Magic:  4/4        EV: 16    Int:  7    God:
Gold:   101        SH:  0    Dex: 15    Spells: 3/3 levels left

rFire   . . .      SeeInvis .   a - +0 trident
rCold   . . .      Faith    .   (no shield)
rNeg    . . .      Spirit   .   b - +0 leather armour
rPois   .          Reflect  .   c - +0 helmet
rElec   .          Harm     .   l - +0 cloak
rCorr   .          Rampage  .   (no gloves)
Will    .....                   (boots currently unavailable)
Stlth   ++........              (no amulet)
HPRegen 0.11/turn               (no ring)
MPRegen 0.09/turn               (no ring)

@: very quick
A: nimble swimmer 2, mertail
a: no special abilities


You were on level 3 of the Dungeon.
You visited 1 branch of the dungeon, and saw 3 of its levels.

You collected 101 gold pieces.

Inventory:

Hand Weapons
 a - a +0 trident (weapon)
 r - a +0 hunting sling
Missiles
 d - 3 throwing nets
 e - 81 stones
 i - 4 curare-tipped darts
 o - 16 arrows
 q - 5 boomerangs (quivered)
Armour
 b - a +0 leather armour (worn)
 c - a +0 helmet (worn)
 f - a +0 pair of boots (melded)
 l - a +0 cloak (worn)
Wands
 m - a wand of digging (6)
Scrolls
 g - a scroll of noise {unknown}
 j - a scroll of identify {unknown}
 p - a scroll of acquirement {unknown}
Potions
 h - a potion of haste {unknown}
 k - 2 potions of lignification {unknown}
 s - a potion of brilliance {unknown}


   Skills:
 - Level 2.1 Fighting
 + Level 7.0 Polearms
 + Level 2.9 Throwing
 - Level 4.0 Dodging


You had 3 spell levels left.
You didn't know any spells.
Your spell library contained the following spells:

 Spells                   Type           Power      Damage    Failure   Level
 Animate Skeleton         Necr           0%         N/A       50%         1
 Apportation              Tloc           0%         N/A       50%         1
 Corona                   Hex            0%         N/A       50%         1
 Summon Small Mammal      Summ           0%         N/A       50%         1


Dungeon Overview and Level Annotations

Branches:
Dungeon (3/15)

Altars:


Innate Abilities, Weirdness & Mutations

You are quick and stealthy near water. (Stealth+, EV+, Speed+++)
Your lower body shifts to a powerful aquatic tail in water.


Message History

The orc misses you.
The orc wizard hits you but does no damage.
The orc completely misses you. The orc barely misses you.
You hit the orc wizard.
The orc wizard is moderately wounded.
The orc closely misses you.
The orc wizard hits you but does no damage.
The orc splashes around in the water.
The orc misses you.
You closely miss the orc wizard. You tail-slap the orc wizard.
The orc wizard is heavily wounded.
The orc barely misses you. The orc wizard casts a spell at you.
The magic dart hits you.
The orc splashes around in the water.
The orc hits you but does no damage.
You hit the orc wizard.
The orc wizard is severely wounded.
The orc closely misses you.
The orc wizard gestures at you while chanting.
You resist with some effort. The orc barely misses you.
The orc hits you with a +0 dagger.
You barely miss the orc wizard.
The orc wizard is severely wounded.
The orc barely misses you. The orc wizard casts a spell at you.
The magic dart hits you. The orc hits you but does no damage.
The orc splashes around in the water.
You barely miss the orc wizard.
The orc wizard is severely wounded.
The orc hits you with a +0 hand axe.
* * * LOW HITPOINT WARNING * * *
The orc wizard hits you with a +0 dagger of freezing.
* * * LOW HITPOINT WARNING * * *
The orc wizard freezes you.
* * * LOW HITPOINT WARNING * * *
The orc closely misses you.
The orc splashes around in the water.
You hit the orc wizard.
You kill the orc wizard!
You hear a splash. x2
The orc closely misses you. x2; The orc hits you with a +0 dagger.
You die...

#o...o.# #............
#
.....#o######...####.#
##...#..oo†..........#
#
.....########...####.#
######
#.####...####.#######
#...............≈≈≈..
#.#####....≈≈≈≈≈≈...#
###wo≈≈..≈..##
#≈@o##)##### #
##o###.# # ### #.# #
#.############
#.............
##############


You could see a dart slug and 3 orcs.

Vanquished Creatures
  An orc priest (D:3)
  An orc wizard (D:3)
  3 adders (D:3)
  A worm (D:2)
  An orc (D:3)
  An endoplasm (D:1)
  A giant cockroach (D:3)
  8 goblins
  3 hobgoblins
  7 jackals
  A quokka (D:2)
  2 ball pythons (D:1)
  3 bats
  2 frilled lizards
  2 kobolds
  3 rats
40 creatures vanquished.

Notes
Turn   | Place    | Note
-------+----------+-------------------------------------------
     0 | D:1      | dolemite99 the Merfolk Gladiator began the quest for the
                  | Orb.
     0 | D:1      | Reached XP level 1. HP: 16/16 MP: 1/1
    57 | D:1      | Reached skill level 5 in Polearms
    74 | D:1      | Reached XP level 2. HP: 22/22 MP: 2/2
   208 | D:1      | Found a faded altar of an unknown god.
   709 | D:2      | Reached skill level 6 in Polearms
   709 | D:2      | Reached XP level 3. HP: 16/27 MP: 3/3
  2188 | D:3      | Reached XP level 4. HP: 32/33 MP: 4/4
  2280 | D:3      | Reached skill level 7 in Polearms
  2325 | D:3      | Slain by an orc

Illustrated notes

Levels and vault maps discovered:
D:1:      evilmike_arrival_crescent, layout_basic,
          ebering_ecumenical_altar_sacrificial
D:2:      layout_basic
D:3:      layout_basic, chequers_serial_rivers_small_a, minmay_strange_pillars,
          saegor_snake_ambush

Skill      XL: |  1  2  3  4 |
---------------+-------------+-----
Polearms       | 5 6 7 |  7.0
Fighting       | |  2.1
Throwing       | |  2.9
Dodging        | |  4.0

Action                   |  1- 3 |  4- 6 || total
-------------------------+-------+-------++-------
Melee: Trident           |   121 |    25 ||   146
       Tailslap          |       |     2 ||     2
Throw: Boomerang         |     6 |     8 ||    14
  Use: Potion            |       |     2 ||     2
 Stab: Sleeping          |     1 |       ||     1
Armor: Leather armour    |    35 |     7 ||    42
Dodge: Dodged            |    60 |    25 ||    85

Table legend: (Time is in decaauts)
 A = Elapsed time spent in this place.
 B = Non-inter-level travel time spent in this place.
 C = Inter-level travel time spent in this place.
 D = Time resting spent in this place.
 E = Time spent auto-exploring this place.
 F = Levels seen in this place.
 G = Mean time per level.
                   A        B        C        D        E       F      G
               +--------+--------+--------+--------+--------+-----+--------+
         Total |   2313 |   2242 |     71 |    818 |    977 |   3 |  771.0 |
       Dungeon |   2313 |   2242 |     71 |    818 |    977 |   3 |  771.0 |
               +--------+--------+--------+--------+--------+-----+--------+

Top non-repeatable levels by time:
     D:3: 933 daAuts
     D:2: 833 daAuts
     D:1: 547 daAuts
